 Dungeon Crawl Stone Soup version 0.22-a0-373-gab1296c (webtiles) character file.

16 sankara the Digger (level 2, 20/20 HPs)
             Began as a Draconian Earth Elementalist on Apr 25, 2018.
             Got out of the dungeon alive.
             The game lasted 00:02:02 (454 turns).

sankara the Digger (Draconian Earth Elementalist)    Turns: 454, Time: 00:02:02

Health: 20/20      AC:  4    Str: 10    XL:     2   Next: 41%
Magic:  5/5        EV: 12    Int: 15    God:
Gold:   17         SH:  0    Dex: 11    Spells: 4/5 levels left

rFire    . . .     SeeInvis .   h - -2 dagger (curse)
rCold    . . .     Gourm    .   (no shield)
rNeg     . . .     Faith    .   (armour unavailable)
rPois    .         Spirit   .   (helmet restricted)
rElec    .         Reflect  .   (no cloak)
rCorr    .         Harm     .   (no gloves)
MR       .....                  (no boots)
Stlth    ++........             (no amulet)
HPRegen  0.06/turn              (no ring)
MPRegen  0.09/turn              (no ring)

@: no status effects
A: unfitting armour, cold-blooded, AC +4
a: no special abilities


You escaped.
You were not hungry.

You visited 1 branch of the dungeon, and saw 1 of its levels.

You collected 17 gold pieces.

Inventory:

Hand Weapons
 a - a +0 short sword
   (You took it off a kobold on level 1 of the Dungeon)
 e - a +0 club
   (You took it off a goblin on level 1 of the Dungeon)
 h - a cursed -2 dagger (weapon)
   (You took it off a goblin on level 1 of the Dungeon)
Missiles
 b - 37 stones (quivered)
Scrolls
 d - a scroll of amnesia {unknown}
 g - a scroll of identify {unknown}
Comestibles
 c - 2 rations
 f - 5 chunks of flesh {@w0}


   Skills:
 - Level 2.0 Dodging
 - Level 2.0 Stealth
 + Level 2.3 Spellcasting
   Level 1.0 Transmutations
 + Level 3.3 Earth Magic


You had 4 spell levels left.
You knew the following spells:

 Your Spells              Type           Power        Failure   Level  Hunger
a - Sandblast             Erth           ##....       5%          1    #......


Dungeon Overview and Level Annotations

Branches:
Dungeon (1/15)

Altars:


Innate Abilities, Weirdness & Mutations

Your plain brown scales are hard. (AC +4)
You cannot fit into any form of body armour.
You are cold-blooded and may be slowed by cold attacks.


Message History

a - a chunk of flesh {@w0} A kobold comes into view.
A goblin comes into view. It is wielding a dagger.
Things that are here:
a short sword; a kobold corpse
f - a short sword The kobold shouts!
Wield which item (- for none, * to show all)? (? for menu, Esc to quit)
f - a +0 short sword (weapon)
Adjust (i)tems, (s)pells, or (a)bilities?
Adjust which item? (? for menu, Esc to quit)
f - a +0 short sword (weapon)
Adjust to which letter? (? for menu, Esc to quit)
a - a +0 short sword (weapon);
f - a chunk of flesh {@w0} You barely miss the goblin.
The goblin hits you but does no damage.
You closely miss the goblin. The goblin barely misses you.
The goblin hits you but does no damage.
You hit the goblin.
You kill the goblin!
The kobold hits you but does no damage.
You hit the kobold.
The kobold is severely wounded.
The kobold barely misses you.
You hit the kobold.
You kill the kobold!
You now have 17 gold pieces.
You see here a dagger.
There isn't anything to butcher here.
A hobgoblin comes into view.
The hobgoblin shouts!
A bat comes into view.
You see here 11 sling bullets.
You see here a scroll labeled YSEISUAGUGG.
g - a scroll labeled YSEISUAGUGG The bat barely misses you.
You barely miss the bat. The bat hits you but does no damage.
The bat barely misses you.
You see here 11 sling bullets.
The bat hits you but does no damage. The bat closely misses you.
The bat hits you but does no damage. The bat hits you but does no damage.
The bat barely misses you. The bat hits you but does no damage.
The bat barely misses you. The bat misses you.
The bat hits you but does no damage. The bat barely misses you.
You closely miss the bat. The bat completely misses you.
You barely miss the bat. The bat closely misses you.
The bat completely misses you.
You closely miss the bat. The bat closely misses you. The bat hits you.
The bat hits you but does no damage.
You hit the bat.
The bat is severely wounded.
The bat hits you but does no damage.
You hit the bat.
You kill the bat!
You hit the hobgoblin.
The hobgoblin is moderately wounded.
The hobgoblin hits you.
You completely miss the hobgoblin.
The hobgoblin is moderately wounded.
The hobgoblin closely misses you.
You hit the hobgoblin.
You kill the hobgoblin!
You swing at nothing.
You swing at nothing.
Things that are here:
a hobgoblin corpse; a bat corpse You butcher the hobgoblin corpse.
f - 4 chunks of flesh {@w0} (gained 3)
Things that are here:
a hobgoblin skeleton; a bat corpse You butcher the bat corpse.
f - 5 chunks of flesh {@w0} (gained 1)
You see here a hobgoblin skeleton.
c - 2 rations (gained 1)
Found an escape hatch in the floor.
A goblin comes into view. It is wielding an enchanted dagger.
The goblin shouts!
A goblin is nearby!
The goblin misses you.
You hit the goblin.
Your tail-slap misses the goblin.
The goblin is moderately wounded.
The goblin closely misses you.
You closely miss the goblin. You tail-slap the goblin.
The goblin is severely wounded.
The goblin barely misses you.
You completely miss the goblin.
Your tail-slap misses the goblin.
The goblin is severely wounded.
The goblin hits you but does no damage.
You miss the goblin.
You kill the goblin!
You see here an enchanted dagger.
h - an enchanted dagger Wield which item (- for none, * to show all)? (? for menu, Esc to quit)
It sticks to your hand!
h - a cursed -2 dagger (weapon)
There is a staircase leading out of the dungeon here.
Are you sure you want to leave the Dungeon?
This will make you lose the game!
You have escaped!

#..........## ##...........
#.####......## ##......####.#
#..# ##......## ##......##
#..# ##.## ##......##
##......## ##.## .#..##
##......###......## ##..##
.##..## ##......#......##
##..### †.##..##
##...........## ##..## #
...##..## ##.........##
##..##
....##..#####...@...#####..##
.....##...####.....####...##
####..###...###...###...###
#.## ###...........### #..#
######.###### ##.# #.# #.#
#.# #.# #.# #.# #.#


There were no monsters in sight!

Vanquished Creatures
  2 bats (D:1)
  3 goblins (D:1)
  2 hobgoblins (D:1)
  3 jackals (D:1)
  2 kobolds (D:1)
  3 rats (D:1)
15 creatures vanquished.

Notes
Turn   | Place    | Note
-------+----------+-------------------------------------------
     0 | D:1      | sankara the Draconian Earth Elementalist began the quest for the Orb.
     0 | D:1      | Reached XP level 1. HP: 14/14 MP: 3/3
   134 | D:1      | Reached skill level 2 in Stealth
   215 | D:1      | Reached skill level 2 in Dodging
   244 | D:1      | Reached XP level 2. HP: 20/20 MP: 3/5
   454 | D:$      | Got out of the dungeon alive.

Vault maps used:
D:1:      dpeg_arrival_central

Skill      XL: |  1 |
---------------+----+-----
Stealth        | 2 |  2.0
Dodging        | 2 |  2.0
Spellcasting   | |  2.3
Transmutations | |  1.0
Earth Magic    | |  3.3

Action                   || total
-------------------------++-------
Melee: Unarmed           ||    16
       Short sword       ||    18
       Tailslap          ||     2
Throw: Stone             ||     1
 Cast: Sandblast         ||     9
Armor: Skin              ||    25
Dodge: Dodged            ||    41

Table legend:
 A = Spawn XP
 B = Non-spawn XP
 C = Spawn XP percentage of total XP
 D = Spawn monster count
 E = Non-spawn monster count
 F = Spawn count percentage of total count
 G = Total turns spent on level
                    A         B        C        D         E        F      G
               +---------+---------+-------+---------+---------+-------+---------
         Total |       0 |      24 |   0.0 |       0 |      15 |   0.0 |   454
               +---------+---------+-------+---------+---------+-------+---------
           D:1 |       0 |      24 |   0.0 |       0 |      15 |   0.0 |   454
               +---------+---------+-------+---------+---------+-------+---------

Vault maps used:
D:1:      dpeg_arrival_central

Table legend:
 A = Turns spent in this place as a percentage of turns spent in the entire game.
 B = Non-inter-level travel turns spent in this place as a percentage of non-inter-level travel turns spent in the entire game.
 C = Inter-level travel turns spent in this place as a percentage of turns spent in this place.
 D = Turns resting spent in this place as a percentage of non-inter-level travel turns spent in this place.
 E = Turns spent auto-exploring this place as a percentage of non-inter-level travel turns spent in this place.
 F = Non-inter-level travel turns spent in this place divided by the number of levels of this place that you've seen.
                   A       B       C       D       E      F
               +-------+-------+-------+-------+-------+----------------------
         Total | 100.0 | 100.0 |   7.3 |  15.2 |  48.2 | 421.0
       Dungeon | 100.0 | 100.0 |   7.3 |  15.2 |  48.2 | 421.0
               +-------+-------+-------+-------+-------+----------------------

Table legend:
 A = Kills in this place as a percentage of kills in entire the game.
 B = Kills by you in this place as a percentage of kills by you in the entire game.
 C = Kills by friends in this place as a percentage of kills by friends in the entire game.
 D = Other kills in this place as a percentage of other kills in the entire game.
 E = Experience gained in this place as a percentage of experience gained in the entire game.
 F = Experience gained in this place divided by the number of levels of this place that you have seen.
                   A       B       C       D       E      F
               +-------+-------+-------+-------+-------+----------------------
         Total | 100.0 | 100.0 |   N/A |   N/A | 100.0 |  24.0
       Dungeon | 100.0 | 100.0 |   N/A |   N/A | 100.0 |  24.0
               +-------+-------+-------+-------+-------+----------------------
